 Dungeon Crawl Stone Soup version 0.28.0-53-g5a82cb258f (webtiles) character file.

Game seed: 12742333861733863280

16 Gabide the Grave Robber (level 2, -3/21 HPs)
             Began as a Mummy Necromancer on May 26, 2022.
             Was a High Priest of Ignis.
             Slain by a gnoll
             ... wielding a +0 spear
              (5 damage)
             ... on level 1 of the Dungeon.
             The game lasted 00:01:30 (544 turns).

Gabide the Grave Robber (Mummy Necromancer)          Turns: 544, Time: 00:01:31

Health: -3/21      AC:  2    Str: 11    XL:     2   Next: 41%
Magic:  1/6        EV: 12    Int: 14    God:    Ignis [*****.]
Gold:   10         SH:  0    Dex: 12    Spells: 6/7 levels left

rFire   . . .      SeeInvis .   d - +0 whip (flame)
rCold   + . .      Faith    .   (no shield)
rNeg    + + +      Spirit   .   a - +0 robe
rPois   ∞          Reflect  .   (no helmet)
rElec   .          Harm     .   (no cloak)
rCorr   .          Rampage  .   (no gloves)
Will    .....                   (no boots)
Stlth   ++........              (no amulet)
HPRegen 0.07/turn               (no ring)
MPRegen 0.10/turn               (no ring)

@: very slightly contaminated
A: cold resistance 1, negative energy resistance 3, torment resistance 2, heat
vulnerability 1, no potions
a: Renounce Religion, Fiery Armour, Foxfire Swarm, Rising Flame


You were on level 1 of the Dungeon.
You worshipped Ignis.
Ignis was extremely pleased with you.
You visited 1 branch of the dungeon, and saw 1 of its levels.

You collected 10 gold pieces.

Inventory:

Hand Weapons
 b - a +0 club
 d - a +0 whip of flaming (weapon)
Armour
 a - a +0 robe (worn)
Scrolls
 c - a scroll of holy word {unknown}


   Skills:
 - Level 1.5 Fighting
 + Level 0.6 Maces & Flails
 - Level 1.5 Dodging
 - Level 1.5 Stealth
 - Level 3.0 Spellcasting
 - Level 4.0 Necromancy


You had 6 spell levels left.
You knew the following spells:

 Your Spells              Type           Power      Damage    Failure   Level
a - Pain                  Necr           52%        1d6       4%          1

Your spell library contained the following spells:

 Spells                   Type           Power      Damage    Failure   Level
 Animate Skeleton         Necr           26%        N/A       4%          1
 Vampiric Draining        Necr           13%        2d6       12%         3
 Animate Dead             Necr           6%         N/A       38%         4
 Agony                    Necr           13%        N/A       75%         5


Dungeon Overview and Level Annotations

Branches:
Dungeon (1/15)

Altars:
Ignis


Innate Abilities, Weirdness & Mutations

You are immune to poison.
Your flesh is cold resistant. (rC+)
You are immune to negative energy. (rN+++)
You are immune to unholy pain and torment.
You are vulnerable to heat. (rF-)
You do not drink.


Message History

A gnoll comes into view. It is wielding a +0 spear.
You see here a +0 whip of flaming.
d - a +0 whip of flaming Your +0 whip of flaming bursts into flame!
d - a +0 whip of flaming (weapon)
The goblin writhes in agony.
The goblin writhes in agony.
You kill the goblin!
The goblin writhes in agony.
The goblin barely resists.
The goblin writhes in agony.
The goblin hits you with a +0 club.
The goblin writhes in agony.
You kill the goblin!
The gnoll hits you from afar with a +0 spear.
You are too depleted to draw on your mana recklessly!
Found a scroll labelled XICZUYWIGO.
A bat and a quokka come into view.
The bat hits you but does no damage.
You see here a scroll labelled XICZUYWIGO.
The bat misses you. The quokka barely misses you.
The bat hits you but does no damage. x2
You hit the bat. You burn the bat.
You kill the bat!
The quokka barely misses you. The quokka misses you.
Found a stone staircase leading down.
The quokka writhes in agony.
The quokka bites you. The quokka misses you.
You miscast Pain.
You are very lightly contaminated with residual magic.
Nothing appears to happen.
The gnoll closely misses you. The quokka bites you.
The quokka writhes in agony.
You kill the quokka!
The gnoll hits you from afar with a +0 spear.
You are too injured to fight recklessly!
You are too injured to fight recklessly!
The gnoll hits you with a +0 spear.
* * * LOW HITPOINT WARNING * * *
You hit the gnoll. You burn the gnoll.
The gnoll is heavily wounded.
The gnoll barely misses you. The gnoll hits you with a +0 spear.
You die...

##### #...# #...#### ###
##......# ....
#########.......# .....
........#.......###......
........+......g@....>...
....)...#....##.#+#......
#g.........?..#... #####
....#....##...#.....
...##...g.....#.....#
...........####.#.#####
###...#................
###...#................
......#..................


You could see a gnoll.

Vanquished Creatures
  An endoplasm (D:1)
  4 goblins (D:1)
  A hobgoblin (D:1)
  A kobold (D:1)
  A quokka (D:1)
  A ball python (D:1)
  3 bats (D:1)
  3 rats (D:1)
15 creatures vanquished.

Notes
Turn   | Place    | Note
-------+----------+-------------------------------------------
     0 | D:1      | Gabide the Mummy Necromancer began the quest for the Orb.
     0 | D:1      | Reached XP level 1. HP: 13/13 MP: 4/4
   169 | D:1      | Reached skill level 1 in Fighting
   186 | D:1      | Reached XP level 2. HP: 5/21 MP: 0/6
   473 | D:1      | Found a faded altar of an unknown god.
   497 | D:1      | Prayed at the altar of an unknown god.
   497 | D:1      | Became a worshipper of Ignis, the Dying Flame
   544 | D:1      | Slain by a gnoll

Illustrated notes

Levels and vault maps discovered:
D:1:      dpeg_arrival_long_road, layout_basic,
          ebering_ecumenical_altar_sacrificial, minmay_domino_4

Skill      XL: |  1 |
---------------+----+-----
Spellcasting   | 3 |  3.0
Fighting       | 1 |  1.5
Maces & Flails | |  0.6
Dodging        | |  1.5
Stealth        | |  1.5
Necromancy     | |  4.0

Action                   || total
-------------------------++-------
Melee: Club              ||     6
       Unarmed           ||     2
       Whip              ||     2
 Cast: Pain              ||    25
Armor: Robe              ||     4
Dodge: Dodged            ||    15
